 Dungeon Crawl Stone Soup version 0.30.0-13-g156ef70053 (webtiles) character file.

Game seed: 2220405214121183635

1320 monsoonserge the Skirmisher (level 9, -9/64 HPs)
             Began as a Meteoran Hexslinger on May 17, 2023.
             Was a Follower of Hepliaklqana.
             Mangled by a troll (10 damage)
             ... on level 6 of the Dungeon.
             The game lasted 00:31:39 (2996 turns).

monsoonserge the Skirmisher (Meteoran Hexslinger)   Turns: 2996, Time: 00:31:40

Health: -9/64      AC:  6    Str: 15    XL:     9   Next: 13%
Magic:  13/13      EV: 13    Int: 15    God:    Hepliaklqana [*.....]
Gold:   51         SH:  0    Dex: 18    Spells: 7/12 levels left

rFire   . . .        C - +0 shortbow
rCold   . . .        (shield currently unavailable)
rNeg    + . .        c - +0 robe
rPois   .            e - +2 hat
rElec   .            B - +0 cloak
rCorr   .            (no gloves)
SInv    .            y - +0 pair of boots "Uwyastir" {rN+ Str+2}
Will    +....        t - amulet of magic regeneration
Stlth   +            (no ring)
HPRegen 0.30/turn    (no ring)
MPRegen 0.53/turn

%: no passive effects
@: glowing
A: reduced essence, sense surroundings 2, otherworldly, glowing, explore regen
a: Renounce Religion, Recall Ancestor, Ancestor Identity


You were on level 6 of the Dungeon.
You worshipped Hepliaklqana.
Hepliaklqana was aware of your devotion.
You visited 2 branches of the dungeon, and saw 7 of its levels.

You collected 222 gold pieces.
You spent 171 gold pieces at shops.

Inventory:

Hand Weapons
 a - a +1 sling
 C - a +0 shortbow (weapon)
Missiles
 r - 2 throwing nets
Armour
 c - a +0 robe (worn)
 e - a +2 hat (worn)
 g - a +0 ring mail
 y - the +0 pair of boots "Uwyastir" (worn) {rN+ Str+2}
   (You bought it in a shop on level 3 of the Dungeon)

   Str:       It affects your strength (+2).
   rN:        It protects you from negative energy.
 B - a +0 cloak (worn)
Jewellery
 o - an amulet of guardian spirit
 t - an amulet of magic regeneration (around neck)
Wands
 v - a wand of mindburst (11)
 A - a wand of flame (9)
Scrolls
 b - 3 scrolls of poison
 d - a scroll of fog {unknown}
 f - 2 scrolls of torment
 j - 3 scrolls of vulnerability
 k - a scroll of amnesia {unknown}
 l - a scroll of magic mapping {unknown}
 n - a scroll of teleportation {unknown}
 q - 2 scrolls of noise
 s - a scroll of fear {unknown}
 w - a scroll of silence
 z - a scroll of blinking
 D - a scroll of acquirement {unknown}
 E - a scroll of immolation {unknown}
Potions
 h - a potion of attraction {unknown}
 i - a potion of magic {unknown}
 m - 3 potions of curing
 p - 2 potions of might
 u - a potion of heal wounds {unknown}
 x - a potion of resistance {unknown}


   Skills:
 + Level 4.7 Fighting
 + Level 8.3 Ranged Weapons
 + Level 3.6 Dodging
 - Level 2.0 Spellcasting
 * Level 6.7 Hexes
 - Level 1.0 Evocations


You had 7 spell levels left.
You knew the following spells:

 Your Spells              Type           Power      Damage    Failure   Level
a - Slow                  Hex            84%        N/A       1%          1
b - Cause Fear            Hex            10%        N/A       14%         4

Your spell library contained the following spells:

 Spells                   Type           Power      Damage    Failure   Level
 Inner Flame              Hex/Fire       11%        N/A       17%         3
 Portal Projectile        Hex/Tloc       22%        N/A       17%         3
 Sting                    Tmut/Pois      4%         1d3       22%         1
 Static Discharge         Conj/Air       2%         2-3/arc   32%         2
 Ozocubu's Armour         Ice            1%         N/A       54%         3
 Metabolic Englaciation   Hex/Ice        5%         N/A       83%         5
 Airstrike                Air            0%         2d(1-17)  91%         4
 Summon Lightning Spire   Summ/Air       1%         N/A       91%         4
 Simulacrum               Ice/Necr       0%         N/A       100%        6


Dungeon Overview and Level Annotations

Branches:
Dungeon (6/15) Zot: 703    Temple (1/1) D:4 Zot: 424

Altars:
Ashenzari
Cheibriados
Dithmenos
Elyvilon
Fedhas
Hepliaklqana
Kikubaaqudgha
Makhleb
Nemelex Xobeh
Okawaru
Qazlal
Ru
Sif Muna
Uskayaw
Vehumet
Wu Jian
Xom
Zin
The Shining One

Shops:
D:3 [


Innate Abilities, Weirdness & Mutations

Your life essence is reduced to manifest your ancestor. (-10% HP)
You passively map the area around you.
You are easily found by Zot.
You glow in the dark.
You regain HP and MP as you explore.


Message History

The troll is almost dead.
The troll is no longer moving slowly.
The troll bites you. The troll claws you! The troll claws you.
Fire: C) +0 shortbow
Press: ? - help, Q - select action, (/) - cycle Shift-Dir - straight line, f/p - troll
Aim: a troll (almost dead, 67% to hit)
You shoot an arrow. The arrow hits the troll.
The troll is almost dead.
Mettia emerges from the mists of memory!
The troll bites you!
* * * LOW HITPOINT WARNING * * *
The troll completely misses you. The troll barely misses you.
You swap places.
The troll bites Mettia!!
The troll claws Mettia.
The troll claws Mettia!
Mettia is destroyed!
Fire: C) +0 shortbow
Press: ? - help, Q - select action, (/) - cycle Shift-Dir - straight line, f/p - troll
Aim: a troll (almost dead, 67% to hit)
You shoot an arrow. The arrow closely misses the troll.
Fire: C) +0 shortbow
Press: ? - help, Q - select action, (/) - cycle Shift-Dir - straight line, f/p - troll
Aim: a troll (almost dead, 67% to hit)
You shoot an arrow. The arrow barely misses the troll.
The troll bites you!
* * * LOW HITPOINT WARNING * * *
The troll claws you but does no damage. x2
Fire: C) +0 shortbow
Press: ? - help, Q - select action, (/) - cycle Shift-Dir - straight line, f/p - troll
Aim: a troll (almost dead, 67% to hit)
You shoot an arrow. The arrow hits the troll.
The troll is almost dead.
The troll barely misses you. x2; The troll completely misses you.
Fire: C) +0 shortbow
Press: ? - help, Q - select action, (/) - cycle Shift-Dir - straight line, f/p - troll
Aim: a troll (almost dead, 67% to hit)
You shoot an arrow. The arrow barely misses the troll.
The troll bites you.
* * * LOW HITPOINT WARNING * * *
The troll barely misses you. The troll claws you!
You die...

* *
####.#......#
*
#....T..##.##
, ,
#.##.#..##.#
*
#.##........
,
#.#####......
, #.##
#####.#. ,
#..# ** .###
* ##T# *, ..
* #@# , , #.#
, #.# ... * ,
* * ..., * *
..... ,...).
, * .......
,**,,, , , **
* **


You could see a troll.

Vanquished Creatures
  Sigmund (D:5)
  An ice beast (D:5)
  2 black bears
  2 ogres (D:5)
  A centaur (D:5)
  Blork the orc (D:5)
  2 scorpions
  2 hounds
  2 jellies
  An orc priest (D:5)
  2 orc wizards (D:4)
  An iguana (D:5)
  A sleepcap (D:5)
  Robin (D:3)
  6 gnolls
  An adder (D:5)
  4 worms
  3 dart slugs (D:5)
  6 orcs
  4 ball pythons
  3 bats
  4 endoplasms
  2 giant cockroaches (D:1)
  14 goblins
  9 hobgoblins
  3 jackals (D:4)
  11 kobolds
  3 quokkas (D:3)
  3 frilled lizards (D:1)
  3 rats
99 creatures vanquished.

Vanquished Creatures (collateral kills)
  A gnoll (D:4)
  An orc (D:6)
2 creatures vanquished.

Vanquished Creatures (others)
  3 ancestors
3 creatures vanquished.

Grand Total: 104 creatures vanquished

Notes
Turn   | Place    | Note
-------+----------+-------------------------------------------
     0 | D:1      | monsoonserge the Meteoran Hexslinger began the quest for
                  | the Orb.
     0 | D:1      | Reached XP level 1. HP: 16/16 MP: 3/3
   129 | D:1      | Reached XP level 2. HP: 19/23 MP: 5/5
   322 | D:1      | Reached XP level 3. HP: 28/28 MP: 6/6
   405 | D:2      | Found a faded altar of an unknown god.
   414 | D:2      | Got Plato's Incunabulum of Alteration
   440 | D:2      | Reached skill level 3 in Ranged Weapons
   553 | D:2      | Noticed a scorpion
   562 | D:2      | Killed a scorpion
   563 | D:2      | Reached skill level 4 in Ranged Weapons
   563 | D:2      | Reached XP level 4. HP: 33/36 MP: 4/7
   563 | D:2      | Reached XP level 5. HP: 37/41 MP: 4/8
   568 | D:2      | Learned a level 4 spell: Cause Fear
   861 | D:3      | Found a shimmering blue altar of Sif Muna.
   921 | D:3      | Noticed a black bear
   969 | D:3      | Killed a black bear
   970 | D:3      | Reached XP level 6. HP: 6/48 MP: 1/9
   997 | D:3      | Noticed Robin
  1018 | D:3      | Killed Robin
  1025 | D:3      | Reached skill level 5 in Ranged Weapons
  1108 | D:3      | Found Ythroad's Antique Armour Shoppe.
  1324 | D:4      | Reached skill level 5 in Hexes
  1324 | D:4      | Reached XP level 7. HP: 38/56 MP: 11/11
  1444 | D:4      | Reached skill level 6 in Ranged Weapons
  1482 | D:4      | Found a staircase to the Ecumenical Temple.
  1488 | Temple   | Entered the Ecumenical Temple
  1638 | Temple   | Became a worshipper of Hepliaklqana the Forgotten
  1729 | D:5      | Entered Level 5 of the Dungeon
  1918 | D:5      | Reached XP level 8. HP: 55/63 MP: 12/12
  2157 | D:3      | Bought a pair of glimmering boots for 171 gold pieces
  2157 | D:3      | Identified the +0 pair of boots "Uwyastir" {rN+ Str+2} (You
                  | bought it in a shop on level 3 of the Dungeon)
  2295 | D:5      | Noticed Blork the orc
  2317 | D:5      | Killed Blork the orc
  2344 | D:5      | Reached skill level 7 in Ranged Weapons
  2380 | D:5      | Found a snail-covered altar of Cheibriados.
  2405 | D:5      | Noticed Sigmund
  2438 | D:5      | Killed Sigmund
  2547 | D:5      | Reached skill level 8 in Ranged Weapons
  2547 | D:5      | Reached skill level 1 in Evocations
  2566 | D:5      | Reached * piety under Hepliaklqana
  2612 | D:5      | Gained mutation: You passively map the area around you.
                  | [Meteoran growth]
  2612 | D:5      | Reached XP level 9. HP: 14/63 MP: 13/13
  2915 | D:6      | Found a sparkling altar of Nemelex Xobeh.
  2935 | D:6      | Noticed a troll
  2996 | D:6      | HP: 1/64 [troll (4)]
  2996 | D:6      | Mangled by a troll

Illustrated notes

Levels and vault maps discovered:
D:1:      minmay_arrival_arboretum_small, layout_loops_ring,
          nicolae_figureground_sparkle
D:2:      layout_basic, shapermc_ecumenical_altar_rom_forum
D:3:      layout_basic, mainiacjoe_overflow_paths, serial_shops, shop,
          uniq_robin
D:4:      layout_basic, minmay_temple_entry_gardened_gates, minivault_5
D:5:      layout_basic, kennysheep_slug_shrine, uniq_sigmund, uniq_blork_the_orc
D:6:      layout_loops_cross, nemelex_diamond_rough_becter, minivault_22,
          uniq_edmund, uniq_grinder
Temple:   regret_index_temple_sphere_string

Skill      XL: |  1  2  3  4  5  6  7  8 |
---------------+-------------------------+-----
Hexes          | 4 5 6 |  6.7
Ranged Weapons | 4 5 6 8 |  8.3
Fighting       | 2 3 4 |  4.7
Dodging        | 3 |  3.6
Spellcasting   | 2 |  2.0
Evocations     | 1 |  1.0

Action                     |  1- 3 |  4- 6 |  7- 9 || total
---------------------------+-------+-------+-------++-------
   Fire: Sling             |    94 |   123 |   176 ||   393
         Shortbow          |       |       |    62 ||    62
   Cast: Slow              |     3 |    21 |    40 ||    64
         Cause Fear        |       |       |     2 ||     2
    Use: Scroll            |       |       |     7 ||     7
 Armour: Robe              |    20 |    28 |    19 ||    67
  Dodge: Dodged            |    39 |    37 |    64 ||   140
